 Dungeon Crawl Stone Soup version 0.29-a0-344-ge2f44be95a (webtiles) character file.

Game seed: 509322061649738826

254 bande the Covered (level 6, -6/38 HPs)
             Began as a Gargoyle Fighter on Apr 22, 2022.
             Was an Initiate of Okawaru.
             Mangled by Joseph
             ... wielding a +4 spectral quarterstaff
              (17 damage)
             ... on level 7 of the Dungeon.
             The game lasted 00:05:37 (3737 turns).

bande the Covered (Gargoyle Fighter)                Turns: 3737, Time: 00:05:38

Health: -6/38      AC: 12    Str: 20    XL:     6   Next: 15%
Magic:  6/6        EV:  9    Int:  8    God:    Okawaru [......]
Gold:   124        SH:  4    Dex: 11    Spells: 5/5 levels left

rFire   . . .      SeeInvis .   a - +1 war axe
rCold   . . .      Faith    .   c - +0 buckler
rNeg    + . .      Spirit   .   b - +0 scale mail
rPois   ∞          Reflect  .   s - +0 helmet
rElec   +          Harm     .   (no cloak)
rCorr   .          Rampage  .   (no gloves)
Will    .....                   (no boots)
Stlth   ..........              (no amulet)
HPRegen 0.12/turn               (no ring)
MPRegen 0.10/turn               (no ring)

@: mighty
A: sickness immunity, AC +4, negative energy resistance 1, electricity
resistance, torment resistance 1, petrification resistance
a: Renounce Religion


You were on level 7 of the Dungeon.
You worshipped Okawaru.
Okawaru was noncommittal.
You visited 2 branches of the dungeon, and saw 6 of its levels.

You collected 124 gold pieces.

Inventory:

Hand Weapons
 a - a +1 war axe (weapon)
 o - a +0 flail
 q - a +0 war axe
Armour
 b - a +0 scale mail (worn)
 c - a +0 buckler (worn)
 s - a +0 helmet (worn)
Jewellery
 p - a ring of resist corrosion
 r - a ring of protection from cold
 v - a ring of positive energy
 w - a +6 ring of intelligence
Scrolls
 m - a scroll of teleportation
 t - a scroll of brand weapon {unknown}
 u - 2 scrolls of immolation {unknown}
Potions
 d - a potion of might
 e - a potion of brilliance
 f - a potion of degeneration {unknown}
 g - a potion of lignification {unknown}
 h - a potion of curing {unknown}
 i - 2 potions of resistance
 j - 2 potions of flight
 k - a potion of attraction {unknown}
 l - 2 potions of heal wounds
 n - a potion of invisibility {unknown}


   Skills:
 + Level 4.0 Fighting
 + Level 4.0 Axes
 + Level 4.6 Armour
 + Level 4.0 Shields
 * Level 0.2 Invocations


You had 5 spell levels left.
You didn't know any spells.
Your spell library contained the following spells:

 Spells                   Type           Power      Damage    Failure   Level
 Shock                    Conj/Air       0%         1d3       83%         1
 Scorch                   Fire           0%         2d5       93%         2
 Ozocubu's Armour         Ice            0%         N/A       99%         3
 Swiftness                Air            0%         N/A       99%         3
 Airstrike                Air            0%         N/A       100%        4
 Flame Wave               Conj/Fire      0%         2d4       100%        4
 Ozocubu's Refrigeration  Ice            0%         4d5       100%        7
 Summon Small Mammal      Summ           Unusable   N/A       N/A         1
 Call Canine Familiar     Summ           Unusable   N/A       N/A         3
 Summon Guardian Golem    Hex/Summ       Unusable   N/A       N/A         3
 Summon Cactus Giant      Summ           Unusable   N/A       N/A         6

Dungeon Overview and Level Annotations

Branches:
Dungeon (4/15)             Temple (1/1) D:4

Altars:
Ashenzari
Cheibriados
Elyvilon
Fedhas
Makhleb
Okawaru
Qazlal
Ru
Uskayaw
Wu Jian
Xom
Yredelemnul
The Shining One

Annotations:
D:4 3 runed translucent doors, Cheivey's ghost, novice FoFi
D:7 Joseph


Innate Abilities, Weirdness & Mutations

You are immune to sickness and miasma.
Your stone body is resilient. (AC +4)
You are immune to poison.
You resist negative energy. (rN+)
You are resistant to electric shocks. (rElec)
You are resistant to unholy torment.
You are immune to petrification.


Message History

Space warps horribly around the fungus!
A nearby fungus withers and dies.
You now have 124 gold pieces (gained 13).
A sourceless malevolence fills the Dungeon...
You fall into a shaft and drop 3 floors!
The shaft crumbles and collapses.
Joseph and a steam dragon come into view.
Joseph is wielding a +4 spectral quarterstaff.
Joseph shouts!
The steam dragon hisses angrily.
Found four items.
You feel very mighty all of a sudden.
Joseph unwields a +4 spectral quarterstaff.
Joseph wields a +0 hunting sling.
Joseph shoots a sling bullet.
The sling bullet barely misses you. The steam dragon breathes steam at you.
The ball of steam hits you!
You hear a shout! x3
Joseph shoots a sling bullet.
The sling bullet hits you!
Unknown command.
Found 15 gold pieces.
Joseph unwields a +0 hunting sling.
Joseph wields a +4 spectral quarterstaff.
Joseph hits you but does no damage. The steam dragon breathes steam at you.
The ball of steam hits you.
* * * LOW HITPOINT WARNING * * *
You hear a shout!
Found 9 gold pieces.
Joseph closely misses you.
Unknown command.
You closely miss Joseph. Joseph hits you but does no damage.
You barely miss Joseph. Joseph closely misses you.
Joseph hits you but does no damage.
You slash Joseph!
Joseph is lightly wounded.
Joseph hits you but does no damage.
You slash Joseph!
Joseph is moderately wounded.
The steam dragon breathes steam at you. The ball of steam misses you.
Joseph hits you with a +4 spectral quarterstaff!
You die...

##........$..#
....$........#
.............#
.............#
#..[........#
#.....§....?#
.#.....§$....#
......@@....#
###....§...##
##.....§....#
.......D§...#
##.....§....#
#.......§..#
#..........#
##........##
.........##


You could see Joseph.

Vanquished Creatures
  2 orc wizards (D:3)
  10 adders
  A worm (D:2)
  5 dart slugs
  11 orcs
  6 bats
  8 endoplasms
  4 giant cockroaches
  A goblin (D:4)
  9 hobgoblins
  3 jackals
  4 kobolds
  3 quokkas
  13 ball pythons
  4 frilled lizards
  7 rats
91 creatures vanquished.

Vanquished Creatures (others)
  4 fungi (D:4)
  5 plants (D:4)
9 creatures vanquished.

Grand Total: 100 creatures vanquished

Notes
Turn   | Place    | Note
-------+----------+-------------------------------------------
     0 | D:1      | bande the Gargoyle Fighter began the quest for the Orb.
     0 | D:1      | Reached XP level 1. HP: 14/14 MP: 1/1
    33 | D:1      | Found a faded altar of an unknown god.
   223 | D:1      | Reached XP level 2. HP: 19/19 MP: 2/2
  1226 | D:2      | Reached XP level 3. HP: 23/23 MP: 3/3
  1444 | D:2      | Reached XP level 4. HP: 28/28 MP: 4/4
  2378 | D:2      | Reached XP level 5. HP: 33/33 MP: 5/5
  2596 | D:3      | Found a burning altar of Makhleb.
  2596 | D:3      | Found a snail-covered altar of Cheibriados.
  3045 | D:3      | Reached XP level 6. HP: 38/38 MP: 6/6
  3409 | D:4      | Found a staircase to the Ecumenical Temple.
  3424 | Temple   | Entered the Ecumenical Temple
  3432 | Temple   | Became a worshipper of Warmaster Okawaru
  3565 | D:4      | Found a white marble altar of Elyvilon.
  3662 | D:4      | Found a runed translucent gate.
  3662 | D:4      | Found a runed translucent gate.
  3662 | D:4      | Found a runed translucent gate.
  3664 | D:4      | Noticed Cheivey's ghost (novice FoFi)
  3728 | D:4      | You fall into a shaft and drop 3 floors!
  3728 | D:7      | Noticed Joseph
  3728 | D:7      | Noticed a steam dragon
  3737 | D:7      | Mangled by Joseph

Illustrated notes

Levels and vault maps discovered:
D:1:      psy_arrival_whirlpool, layout_basic, ebering_ecumenical_altar_rust
D:2:      minmay_evil_eye, layout_loops_ring, minmay_snake_closets
D:3:      layout_loops_cross, jmf_multi_god_temple, corexii_shack,
          chequers_serial_rivers_small_a
D:4:      wad_lake_hut, layout_rooms, elyvilon_altar_1,
          minmay_temple_entry_glass, gammafunk_ghost_nasty_kobolds,
          minmay_misc_feat_more_columns, serial_park_tiny_2
D:7:      layout_rooms, kennysheep_generic_room_9, uniq_pikel, uniq_maggie,
          uniq_joseph
Temple:   eino_narrow_crystal_temple

Skill      XL: |  1  2  3  4  5  6 |
---------------+-------------------+-----
Axes           | 2 3 4 |  4.0
Armour         | 4 |  4.6
Fighting       | 4 |  4.0
Shields        | 4 |  4.0
Invocations    | |  0.2

Action                   |  1- 3 |  4- 6 || total
-------------------------+-------+-------++-------
Melee: War axe           |    88 |   197 ||   285
  Use: Scroll            |       |     8 ||     8
       Potion            |       |     1 ||     1
Armor: Scale mail        |    54 |   119 ||   173
Dodge: Dodged            |    44 |   108 ||   152
Block: Buckler           |    13 |    41 ||    54

Table legend: (Time is in decaauts)
 A = Elapsed time spent in this place.
 B = Non-inter-level travel time spent in this place.
 C = Inter-level travel time spent in this place.
 D = Time resting spent in this place.
 E = Time spent auto-exploring this place.
 F = Levels seen in this place.
 G = Mean time per level.
                   A        B        C        D        E       F      G
               +--------+--------+--------+--------+--------+-----+--------+
         Total |   3852 |   3740 |    112 |      0 |   2967 |   6 |  642.0 |
       Dungeon |   3835 |   3723 |    112 |      0 |   2967 |   5 |  767.0 |
        Temple |     16 |     16 |      0 |      0 |      0 |   1 |   16.0 |
               +--------+--------+--------+--------+--------+-----+--------+

Top non-repeatable levels by time:
     D:2: 1336 daAuts
     D:1: 1246 daAuts
     D:3: 926 daAuts
     D:4: 316 daAuts
  Temple: 16 daAuts
     D:7: 9 daAuts
